A - U25
ROME BRAVES @ CHARLESTON RIVERDOGS
04/10/2052
 
TOP OF THE 1ST
Lakewood BlueClaws batting - Pitching for Hickory Crawdads : LHP Crispin Denham
Pitching: LHP Crispin Denham
Batting: RHB Peter Pollock 0-0: Foul Ball, location: 2F
0-1: Fly out, F8 (Flyball, 8LD, EV 107.5 MPH)
Batting: RHB Wilbur Bruggman 0-0: Foul Ball, location: 23F
0-1: SINGLE (Groundball, 56S, EV 90.6 MPH)
Batting: RHB Lee Pressley 0-0: Called Strike
0-1: Swinging Strike
0-2: Strikes out swinging
Batting: RHB Ricky Castro 0-0: Foul Ball, location: 2F
0-1: Ball
1-1: Fly out, F9 (Line Drive, 9S, EV 91.9 MPH)
Top of the 1st over - 0 runs, 1 hit, 0 errors, 1 left on base; Lakewood 0 - Hickory 0
BOTTOM OF THE 1ST
Hickory Crawdads batting - Pitching for Lakewood BlueClaws : RHP Tully Zach
Pitching: RHP Tully Zach
Batting: LHB Noah Schreder 0-0: Ball
1-0: Ball
2-0: Ball
3-0: Called Strike
3-1: Base on Balls
Batting: LHB Rio Matlock 0-0: SINGLE (Groundball, 56, EV 101.3 MPH) (infield hit)
Noah Schreder to second
Batting: LHB Braeden Decenzo 0-0: Called Strike
0-1: Ball
1-1: Ball
2-1: SINGLE (Line Drive, 7LM, EV 97.5 MPH)
Noah Schreder to third
Rio Matlock to second
Batting: RHB Giosue Ceverini 0-0: Ball
Wild Pitch!
Noah Schreder scores
Rio Matlock to third
Braeden Decenzo to second
1-0: Ball
2-0: Swinging Strike
2-1: Foul Ball, location: 9LDF
2-2: Fly out, F4 (Popup, 4D, EV 56.3 MPH)
Batting: LHB Emery Berryman 0-0: Called Strike
0-1: Ball
1-1: Called Strike
1-2: Strikes out looking
Batting: SHB Sam DeJournett 0-0: Called Strike
0-1: Foul Ball, location: 25F
0-2: Hit by Pitch
Batting: RHB Adrián Sosa 0-0: Called Strike
0-1: Ball
1-1: Swinging Strike
1-2: Fly out, F8 (Flyball, 8LS, EV 97.5 MPH)
Bottom of the 1st over - 1 run, 2 hits, 0 errors, 3 left on base; Lakewood 0 - Hickory 1
TOP OF THE 2ND
Lakewood BlueClaws batting - Pitching for Hickory Crawdads : LHP Crispin Denham
Batting: LHB Roland Dollhouse 0-0: Ground out 6-3 (Groundball, 56, EV 88.8 MPH)
Batting: LHB Emmanuel Rendon 0-0: Ball
1-0: Called Strike
1-1: Ball
2-1: Called Strike
2-2: Fly out, F7 (Flyball, 7LM, EV 91.3 MPH)
Batting: RHB Russ Coats 0-0: Ground out 6-3 (Groundball, 6, EV 99.4 MPH)
Top of the 2nd over - 0 runs, 0 hits, 0 errors, 0 left on base; Lakewood 0 - Hickory 1
BOTTOM OF THE 2ND
Hickory Crawdads batting - Pitching for Lakewood BlueClaws : RHP Tully Zach
Batting: LHB Bentley O'Nell 0-0: Foul Ball, location: 7LDF
0-1: Foul Ball, location: 3F
0-2: Ball
1-2: Strikes out looking
Batting: RHB Patricio Valencia 0-0: Foul Ball, location: 23FF
0-1: Ball
1-1: Ball
2-1: Foul Ball, location: 23FF
2-2: Foul Ball, location: 25FF
2-2: Ground out 5-3 (Groundball, 56S, EV 71.3 MPH)
Batting: LHB Noah Schreder 0-0: Ball
1-0: Ball
2-0: Called Strike
2-1: Foul Ball, location: 2F
2-2: Foul Ball, location: 7LMF
2-2: Ground out 4-3 (Groundball, 4, EV 94.4 MPH)
Bottom of the 2nd over - 0 runs, 0 hits, 0 errors, 0 left on base; Lakewood 0 - Hickory 1
TOP OF THE 3RD
Lakewood BlueClaws batting - Pitching for Hickory Crawdads : LHP Crispin Denham
Batting: RHB Máximo De La Vega 0-0: Swinging Strike
0-1: Ball
1-1: Ground out 4-3 (Groundball, 4M, EV 102.5 MPH)
Batting: SHB Pokie Brandenburg 0-0: Ball
1-0: Foul Ball, location: 9LMF
1-1: Foul Ball, location: 2F
1-2: Strikes out swinging
Batting: RHB Peter Pollock 0-0: Ball
1-0: Ball
2-0: Called Strike
2-1: Foul Ball, location: 25F
2-2: SINGLE (Line Drive, 6M, EV 93.8 MPH)
Batting: RHB Wilbur Bruggman 0-0: Ball
1-0: Ball
2-0: Ball
3-0: Base on Balls
Peter Pollock to second
Batting: RHB Lee Pressley 0-0: Foul Ball, location: 9LSF
0-1: Ball
1-1: Ball
2-1: SINGLE (Line Drive, 89M, EV 91.9 MPH)
Peter Pollock to third
Wilbur Bruggman to second
Runner from 3rd tries for Home, SAFE, throw by RF to home
Batting: RHB Ricky Castro 0-0: Ball
1-0: Foul Ball, location: 25F
1-1: Ball
2-1: Called Strike
2-2: Ball
3-2: Foul Ball, location: 9LSF
3-2: Foul Ball, location: 9LSFF
3-2: Ground out 4-3 (Groundball, 4, EV 82.5 MPH)
Top of the 3rd over - 1 run, 2 hits, 0 errors, 2 left on base; Lakewood 1 - Hickory 1
BOTTOM OF THE 3RD
Hickory Crawdads batting - Pitching for Lakewood BlueClaws : RHP Tully Zach
Batting: LHB Rio Matlock 0-0: Ball
1-0: Ball
2-0: Ball
3-0: Called Strike
3-1: Fly out, F7 (Line Drive, 7D, EV 105.0 MPH)
Batting: LHB Braeden Decenzo 0-0: Ball
1-0: Ball
2-0: Ball
3-0: Base on Balls
Batting: RHB Giosue Ceverini 0-0: Called Strike
0-1: Ball
1-1: Ball
2-1: Ball
3-1: Fly out, F9 (Flyball, 9, EV 101.3 MPH)
Batting: LHB Emery Berryman 0-0: Ball
1-0: Foul Ball, location: 3F
1-1: Ball
2-1: Foul Ball, location: 7LMF
2-2: Ball
3-2: Foul Ball, location: 23F
3-2: Strikes out looking
Bottom of the 3rd over - 0 runs, 0 hits, 0 errors, 1 left on base; Lakewood 1 - Hickory 1
TOP OF THE 4TH
Lakewood BlueClaws batting - Pitching for Hickory Crawdads : LHP Crispin Denham
Batting: LHB Roland Dollhouse 0-0: Fly out, F8 (Flyball, 8RD, EV 93.8 MPH)
Batting: LHB Emmanuel Rendon 0-0: Called Strike
0-1: Called Strike
0-2: Strikes out swinging
Batting: RHB Russ Coats 0-0: Ball
1-0: Ball
2-0: Ball
3-0: Base on Balls
Batting: RHB Máximo De La Vega 0-0: Foul Ball, location: 3F
0-1: Called Strike
0-2: Ball
1-2: Strikes out swinging
Top of the 4th over - 0 runs, 0 hits, 0 errors, 1 left on base; Lakewood 1 - Hickory 1
BOTTOM OF THE 4TH
Hickory Crawdads batting - Pitching for Lakewood BlueClaws : RHP Tully Zach
Batting: SHB Sam DeJournett 0-0: Called Strike
0-1: Foul Ball, location: 2RF
0-2: Foul Ball, location: 7LSF
0-2: Ball
1-2: Foul Ball, location: 5F
1-2: Strikes out swinging
Batting: RHB Adrián Sosa 0-0: Ball
1-0: Foul Ball, location: 5F
1-1: Swinging Strike
1-2: Foul Ball, location: 2F
1-2: Strikes out swinging
Batting: LHB Bentley O'Nell 0-0: Swinging Strike
0-1: Foul Ball, location: 3SF
0-2: Ball
1-2: Strikes out swinging
Bottom of the 4th over - 0 runs, 0 hits, 0 errors, 0 left on base; Lakewood 1 - Hickory 1
TOP OF THE 5TH
Lakewood BlueClaws batting - Pitching for Hickory Crawdads : LHP Crispin Denham
Batting: SHB Pokie Brandenburg 0-0: Called Strike
0-1: Called Strike
0-2: Ball
1-2: Foul Ball, location: 9LSF
1-2: Strikes out swinging
Batting: RHB Peter Pollock 0-0: Called Strike
0-1: Ball
1-1: Called Strike
1-2: Strikes out swinging
Batting: RHB Wilbur Bruggman 0-0: Called Strike
0-1: Ball
1-1: Fly out, F3 (Popup, 3S, EV 83.1 MPH)
Top of the 5th over - 0 runs, 0 hits, 0 errors, 0 left on base; Lakewood 1 - Hickory 1
BOTTOM OF THE 5TH
Hickory Crawdads batting - Pitching for Lakewood BlueClaws : RHP Tully Zach
Batting: RHB Patricio Valencia 0-0: Ball
1-0: Ball
2-0: Ball
3-0: Called Strike
3-1: Foul Ball, location: 2F
3-2: Fly out, F8 (Flyball, 8RD, EV 111.3 MPH)
Batting: LHB Noah Schreder 0-0: Ball
1-0: Called Strike
1-1: Ball
2-1: Ground out 4-3 (Groundball, 4, EV 85.0 MPH)
Batting: LHB Rio Matlock 0-0: Foul Ball, location: 3FF
0-1: Fly out, F6 (Popup, P, EV 77.5 MPH)
Bottom of the 5th over - 0 runs, 0 hits, 0 errors, 0 left on base; Lakewood 1 - Hickory 1
TOP OF THE 6TH
Lakewood BlueClaws batting - Pitching for Hickory Crawdads : LHP Crispin Denham
Batting: RHB Lee Pressley 0-0: Swinging Strike
0-1: Foul Ball, location: 7LSFF
0-2: Ball
1-2: Ball
2-2: SINGLE (Groundball, 6MD, EV 109.4 MPH)
Batting: RHB Ricky Castro 0-0: Ball
1-0: SINGLE (Line Drive, 4MD, EV 103.8 MPH)
Lee Pressley to second
Batting: LHB Roland Dollhouse 0-0: Foul Ball, location: 3F
0-1: Called Strike
0-2: Ball
1-2: Strikes out swinging
Batting: LHB Emmanuel Rendon 0-0: Fielders Choice at 2nd, 6-4 (Groundball, 6, EV 78.1 MPH)
Lee Pressley to third
Batting: RHB Russ Coats 0-0: Ball
1-0: Swinging Strike
1-1: Swinging Strike
1-2: Ball
2-2: Strikes out swinging
Top of the 6th over - 0 runs, 2 hits, 0 errors, 2 left on base; Lakewood 1 - Hickory 1
BOTTOM OF THE 6TH
Hickory Crawdads batting - Pitching for Lakewood BlueClaws : RHP Tully Zach
Batting: LHB Braeden Decenzo 0-0: Ball
1-0: Foul Ball, location: 2F
1-1: Ball
2-1: Ball
3-1: Foul Ball, location: 2F
3-2: Base on Balls
Batting: RHB Giosue Ceverini 0-0: Fly out, F9 (Flyball, 9LS, EV 84.4 MPH)
Batting: LHB Emery Berryman 0-0: Ball
1-0: Ball
2-0: Ball
3-0: Base on Balls
Braeden Decenzo to second
Pitching: LHP Nicolas Burrows
Batting: SHB Sam DeJournett 0-0: Called Strike
0-1: Swinging Strike
0-2: Strikes out swinging
Batting: RHB Adrián Sosa 0-0: Ball
1-0: Ball
2-0: Called Strike
2-1: Ball
3-1: Base on Balls
Braeden Decenzo to third
Emery Berryman to second
Pinch Hitting: RHB Abe Richards 0-0: Ball
1-0: Foul Ball, location: 2F
1-1: Fly out, F8 (Flyball, 78D, EV 83.1 MPH)
Bottom of the 6th over - 0 runs, 0 hits, 0 errors, 3 left on base; Lakewood 1 - Hickory 1
TOP OF THE 7TH
Lakewood BlueClaws batting - Pitching for Hickory Crawdads : LHP Crispin Denham
Now in LF: Anthony London
Batting: RHB Máximo De La Vega 0-0: Ball
1-0: Ground out 4-3 (Groundball, 4, EV 80.6 MPH)
Batting: SHB Pokie Brandenburg 0-0: Ball
1-0: Foul Ball, location: 2RF
1-1: Swinging Strike
1-2: Strikes out swinging
Batting: RHB Peter Pollock 0-0: Ball
1-0: Called Strike
1-1: SINGLE (Groundball, 3D, EV 94.4 MPH)
Pitching: RHP Leeroy Bitner
Batting: RHB Wilbur Bruggman 0-0: Ball
Peter Pollock steals 2nd base
1-0: Foul Ball, location: 5F
1-1: Foul Ball, location: 23FF
1-2: Strikes out swinging, 2-3 out at first.
Top of the 7th over - 0 runs, 1 hit, 0 errors, 1 left on base; Lakewood 1 - Hickory 1
BOTTOM OF THE 7TH
Hickory Crawdads batting - Pitching for Lakewood BlueClaws : LHP Nicolas Burrows
Batting: RHB Patricio Valencia 0-0: Fly out, F9 (Flyball, 89M, EV 91.9 MPH)
Batting: LHB Noah Schreder 0-0: Ball
1-0: Ball
2-0: Ball
3-0: Called Strike
3-1: Called Strike
3-2: Foul Ball, location: 2F
3-2: Fly out, F5 (Popup, 56, EV 77.5 MPH)
Batting: LHB Rio Matlock 0-0: Fly out, F8 (Flyball, 78D, EV 90.0 MPH)
Bottom of the 7th over - 0 runs, 0 hits, 0 errors, 0 left on base; Lakewood 1 - Hickory 1
TOP OF THE 8TH
Lakewood BlueClaws batting - Pitching for Hickory Crawdads : RHP Leeroy Bitner
Batting: RHB Lee Pressley 0-0: Ball
1-0: Called Strike
1-1: Called Strike
1-2: Strikes out swinging
Batting: RHB Ricky Castro 0-0: Foul Ball, location: 9LSF
0-1: Fly out, F7 (Flyball, 7LSF, EV 89.4 MPH)
Batting: LHB Roland Dollhouse 0-0: Ball
1-0: Foul Ball, location: 2F
1-1: Ball
2-1: Ball
3-1: Base on Balls
Batting: LHB Emmanuel Rendon 0-0: Ball
1-0: Ball
2-0: Ground out 4-3 (Groundball, 34, EV 100.0 MPH)
Top of the 8th over - 0 runs, 0 hits, 0 errors, 1 left on base; Lakewood 1 - Hickory 1
BOTTOM OF THE 8TH
Hickory Crawdads batting - Pitching for Lakewood BlueClaws : LHP Nicolas Burrows
Batting: LHB Braeden Decenzo 0-0: Foul Ball, location: 2F
0-1: Foul Ball, location: 2F
0-2: Fly out, F7 (Flyball, 7LS, EV 93.1 MPH)
Batting: RHB Giosue Ceverini 0-0: Ball
1-0: Called Strike
1-1: Ball
2-1: Foul Ball, location: 5FF
2-2: Ball
3-2: Foul Ball, location: 2F
3-2: Foul Ball, location: 3F
3-2: Ground out 6-3 (Groundball, 6, EV 76.3 MPH)
Batting: LHB Emery Berryman 0-0: Foul Ball, location: 5FF
0-1: Swinging Strike
0-2: Ball
1-2: Fly out, F7 (Flyball, 7LSF, EV 96.9 MPH)
Bottom of the 8th over - 0 runs, 0 hits, 0 errors, 0 left on base; Lakewood 1 - Hickory 1
TOP OF THE 9TH
Lakewood BlueClaws batting - Pitching for Hickory Crawdads : RHP Leeroy Bitner
Pinch Hitting: LHB Clifford Bills 0-0: Called Strike
0-1: Ball
1-1: Ball
2-1: Ball
3-1: Base on Balls
Pinch Hitting: LHB Chad Gerry 0-0: Called Strike
Clifford Bills is caught stealing 2nd base 2-6
0-1: Called Strike
0-2: Ball
1-2: Foul Ball, location: 7LDF
1-2: Ball
2-2: Ground out 4-3 (Groundball, 4, EV 108.8 MPH)
Batting: SHB Pokie Brandenburg 0-0: Swinging Strike
0-1: Called Strike
0-2: Foul Ball, location: 23FF
0-2: Strikes out swinging
Top of the 9th over - 0 runs, 0 hits, 0 errors, 0 left on base; Lakewood 1 - Hickory 1
BOTTOM OF THE 9TH
Hickory Crawdads batting - Pitching for Lakewood BlueClaws : LHP Nicolas Burrows
Now at 2B: Eugene Gilbert
Now in CF: Ricky Castro
Now in RF: Chad Gerry
Batting: SHB Sam DeJournett 0-0: Ball
1-0: SINGLE (Line Drive, 9S, EV 96.3 MPH)
Batting: RHB Adrián Sosa 0-0: Ball
1-0: Ball
2-0: Called Strike
2-1: Foul Ball, location: 2F
2-2: Grounds into double play, 6-4-3 (Groundball, 6M, EV 82.5 MPH)
Batting: RHB Anthony London 0-0: Called Strike
0-1: Swinging Strike
0-2: Foul Ball, location: 9LDF
0-2: Fly out, F8 (Flyball, 8RD, EV 101.9 MPH)
Bottom of the 9th over - 0 runs, 1 hit, 0 errors, 0 left on base; Lakewood 1 - Hickory 1
TOP OF THE 10TH
Lakewood BlueClaws batting - Pitching for Hickory Crawdads : RHP Leeroy Bitner
Pitching: RHP Spencer Gallagher
Batting: RHB Peter Pollock 0-0: Ball
1-0: Called Strike
1-1: Foul Ball, location: 9LSF
1-2: Ground out 6-3 (Groundball, 6, EV 84.4 MPH)
Batting: RHB Wilbur Bruggman 0-0: Called Strike
0-1: Ball
1-1: Called Strike
1-2: Ball
2-2: Ball
3-2: Foul Ball, location: 3F
3-2: Base on Balls
Batting: RHB Lee Pressley 0-0: Called Strike
0-1: Fly out, F8 (Flyball, 8RD, EV 95.6 MPH)
Batting: RHB Ricky Castro 0-0: SINGLE (Flyball, 8RS, EV 90.6 MPH)
Wilbur Bruggman to second
Runner from 2nd tries for 3rd, OUT! 8-5
Top of the 10th over - 0 runs, 1 hit, 0 errors, 1 left on base; Lakewood 1 - Hickory 1
BOTTOM OF THE 10TH
Hickory Crawdads batting - Pitching for Lakewood BlueClaws : LHP Nicolas Burrows
Pitching: RHP Bryson Miller
Pinch Hitting: LHB Cane Huber 0-0: Ball
1-0: Called Strike
1-1: Foul Ball, location: 9LSF
1-2: Foul Ball, location: 7LMF
1-2: Ball
2-2: Ground out U3 (Groundball, 3, EV 87.5 MPH)
Batting: LHB Noah Schreder 0-0: Foul Ball, location: 5F
0-1: Called Strike
0-2: Foul Ball, location: 3SF
0-2: Foul Ball, location: 2F
0-2: Ball
1-2: SINGLE (Flyball, 4MD, EV 96.9 MPH)
Batting: LHB Rio Matlock 0-0: Called Strike
0-1: Fly out, F9 (Line Drive, 9S, EV 93.1 MPH)
Batting: LHB Braeden Decenzo 0-0: Ball
1-0: Foul Ball, location: 23F
1-1: Ball
2-1: Foul Ball, location: 7LDF
2-2: Fly out, F8 (Flyball, 8LM, EV 77.5 MPH)
Bottom of the 10th over - 0 runs, 1 hit, 0 errors, 1 left on base; Lakewood 1 - Hickory 1
TOP OF THE 11TH
Lakewood BlueClaws batting - Pitching for Hickory Crawdads : RHP Spencer Gallagher
Now at C: Kyle Straker
Batting: LHB Roland Dollhouse 0-0: Called Strike
0-1: Ball
1-1: Fly out, F8 (Flyball, 8LM, EV 98.8 MPH)
Batting: LHB Emmanuel Rendon 0-0: Called Strike
0-1: Swinging Strike
0-2: Strikes out swinging
Batting: RHB Eugene Gilbert 0-0: Called Strike
0-1: Fly out, F5 (Popup, 15, EV 76.3 MPH)
Top of the 11th over - 0 runs, 0 hits, 0 errors, 0 left on base; Lakewood 1 - Hickory 1
BOTTOM OF THE 11TH
Hickory Crawdads batting - Pitching for Lakewood BlueClaws : RHP Bryson Miller
Batting: RHB Giosue Ceverini 0-0: Foul Ball, location: 9LDF
0-1: SINGLE (Line Drive, 4MD, EV 102.5 MPH)
Batting: LHB Emery Berryman 0-0: Ball
1-0: Swinging Strike
1-1: Ball
2-1: Called Strike
2-2: Strikes out swinging
Batting: SHB Sam DeJournett 0-0: Called Strike
0-1: Called Strike
0-2: Strikes out swinging
Batting: RHB Adrián Sosa 0-0: Called Strike
0-1: Ball
1-1: Ball
2-1: Called Strike
2-2: DOUBLE (Groundball, 5L, EV 103.1 MPH)
Giosue Ceverini to third
Batting: RHB Anthony London 0-0: Intentional Walk
Pinch Hitting: LHB Marc Lockney 0-0: Called Strike
0-1: Foul Ball, location: 7LMF
0-2: Foul Ball, location: 2RF
0-2: Strikes out looking
Bottom of the 11th over - 0 runs, 2 hits, 0 errors, 3 left on base; Lakewood 1 - Hickory 1
TOP OF THE 12TH
Lakewood BlueClaws batting - Pitching for Hickory Crawdads : RHP Spencer Gallagher
Now at C: Lucas Goss
Batting: LHB Chad Gerry 0-0: Ball
1-0: Ball
2-0: Called Strike
2-1: Ground out 5-3 (Groundball, 5, EV 105.0 MPH)
Batting: SHB Pokie Brandenburg 0-0: Ball
1-0: Called Strike
1-1: Ball
2-1: Fly out, F2 (Popup, 23F, EV 81.9 MPH)
Batting: RHB Peter Pollock 0-0: Ball
1-0: SINGLE (Groundball, 56, EV 83.8 MPH)
Batting: RHB Wilbur Bruggman 0-0: Called Strike
Peter Pollock steals 2nd base (no throw)
0-1: Ball
1-1: Ball
2-1: SINGLE (Line Drive, 89S, EV 99.4 MPH)
Peter Pollock to third
Runner from 3rd tries for Home, SAFE, throw by RF to home
Wilbur Bruggman to second
Batting: RHB Lee Pressley 0-0: Ball
1-0: Swinging Strike
1-1: Called Strike
1-2: Foul Ball, location: 25F
1-2: Strikes out looking
Top of the 12th over - 1 run, 2 hits, 0 errors, 1 left on base; Lakewood 2 - Hickory 1
BOTTOM OF THE 12TH
Hickory Crawdads batting - Pitching for Lakewood BlueClaws : RHP Bryson Miller
Pitching: RHP Seth Childs
Now at 3B: Emmanuel Rendon
Now at SS: Tyler Todd
Batting: LHB Noah Schreder 0-0: Ball
1-0: Ball
2-0: Foul Ball, location: 2F
2-1: Foul Ball, location: 7LDF
2-2: Foul Ball, location: 7LMF
2-2: Ground out U3 (Groundball, 3, EV 101.3 MPH)
Batting: LHB Rio Matlock 0-0: Foul Ball, location: 2F
0-1: Swinging Strike
0-2: Ball
1-2: Ball
2-2: Foul Ball, location: 3SF
2-2: Ball
3-2: Foul Ball, location: 3SF
3-2: Ground out 5-3 (Groundball, 5L, EV 108.1 MPH)
Batting: LHB Braeden Decenzo 0-0: Ball
1-0: Ball
2-0: Ball
3-0: Base on Balls
Batting: RHB Giosue Ceverini 0-0: Ball
1-0: Ball
2-0: Ball
3-0: Foul Ball, location: 2F
3-1: Called Strike
3-2: Strikes out swinging
Bottom of the 12th over - 0 runs, 0 hits, 0 errors, 1 left on base; Lakewood 2 - Hickory 1
Tuesday, April 16th , 2024 - OOTP Baseball 24.11 Build 85